 Dungeon Crawl Stone Soup version 0.29.1-2-gbd0b4ee654 (webtiles) character file.

Game seed: 14816748624149007923

1143 safid the Shooter (level 8, -5/48 (73) HPs)
             Began as a Minotaur Hunter on Nov 21, 2022.
             Was a Believer of Okawaru.
             Slain by a gnoll
             ... wielding a +2 halberd of draining
              (14 damage)
             ... in a bailey.
             The game lasted 00:12:48 (6544 turns).

safid the Shooter (Minotaur Hunter)                 Turns: 6544, Time: 00:12:48

HP:   -5/48 (73)    AC:  7    Str: 15    XL:     8   Next: 15%
MP:   7/7           EV: 10    Int:  6    God:    Okawaru [**....]
Gold: 279           SH:  0    Dex: 17    Spells: 7/7 levels left

rFire   . . .      SeeInvis .   a - +0 shortbow
rCold   . . .      Faith    .   (shield currently unavailable)
rNeg    . . .      Spirit   .   f - +0 scale mail
rPois   .          Reflect  .   (helmet restricted)
rElec   .          Harm     .   (no cloak)
rCorr   .          Rampage  .   y - +0 pair of gloves
Will    .....                   (no boots)
Stlth   ..........              (no amulet)
HPRegen 0.16/turn               (no ring)
MPRegen 0.10/turn               (no ring)

@: very heavily drained
A: horns 2, retaliatory headbutt
a: Renounce Religion, Heroism


You were in a bailey.
You worshipped Okawaru.
Okawaru was pleased with you.
You visited 2 branches of the dungeon, and saw 8 of its levels.
You also visited: Bailey.

You collected 279 gold pieces.

Inventory:

Hand Weapons
 a - a +0 shortbow (weapon)
Armour
 f - a +0 scale mail (worn)
 y - a +0 pair of gloves (worn)
Scrolls
 c - 2 scrolls of teleportation
 d - a scroll of brand weapon {unknown}
 e - 2 scrolls of poison
 g - 2 scrolls of blinking {unknown}
 i - a scroll of vulnerability {unknown}
 j - a scroll of enchant armour {unknown}
 l - a scroll of magic mapping {unknown}
 m - a scroll of summoning {unknown}
 r - 2 scrolls of butterflies {unknown}
 u - a scroll of enchant weapon {unknown}
 v - a scroll of fear {unknown}
 x - a scroll of amnesia {unknown}
Potions
 b - a potion of magic
 h - a potion of ambrosia
 k - 2 potions of haste {unknown}
 o - a potion of curing
 t - a potion of mutation {unknown}


   Skills:
 + Level 7.4 Fighting
 + Level 7.8 Ranged Weapons
 - Level 2.1 Dodging
 - Level 0.7 Stealth
 + Level 4.3 Evocations


You had 7 spell levels left.
You didn't know any spells.
Your spell library contained the following spells:

 Spells                   Type           Power      Damage    Failure   Level
 Portal Projectile        Hex/Tloc       0%         N/A       99%         3
 Stone Arrow              Conj/Erth      0%         3d7       99%         3
 Blade Hands              Tmut           0%         N/A       100%        5
 Lehudib's Crystal Spear  Conj/Erth      0%         10d2      100%        8
 Tukima's Dance           Hex            Unusable   N/A       N/A         3
 Animate Armour           Summ/Erth      Unusable   N/A       N/A         4

Dungeon Overview and Level Annotations

Branches:
Dungeon (9/15)             Temple (1/1) D:5          Bailey (1/1)
   Lair: D:8-11         Orc: D:9-12

Altars:
Cheibriados
Dithmenos
Nemelex Xobeh
Okawaru
Wu Jian
Xom
Yredelemnul


Innate Abilities, Weirdness & Mutations

You have a pair of horns on your head.
You reflexively headbutt those who attack you in melee.


Message History

Okawaru accepts your kill.
A gnoll comes into view.
It is wielding a +1 halberd of draining.
Fire: a) +0 shortbow
Press: ? - help, Q - select action, (/) - cycle Shift-Dir - straight line, f - gnoll
Aim: a gnoll, wielding a +2 halberd of draining (69% to hit)
You shoot an arrow. The arrow closely misses the gnoll.
The gnoll hits you from afar with a +2 halberd of draining!
You feel drained.
The gnoll hits you from afar with a +2 halberd of draining.
You feel drained.
* * * LOW HITPOINT WARNING * * *
Fire: a) +0 shortbow
Press: ? - help, Q - select action, (/) - cycle Shift-Dir - straight line, f/p - gnoll
Aim: a gnoll, wielding a +2 halberd of draining (69% to hit)
You shoot an arrow. The arrow hits the gnoll!
The gnoll is almost dead.
The gnoll misses you.
Fire: a) +0 shortbow
Press: ? - help, Q - select action, (/) - cycle Shift-Dir - straight line, f/p - gnoll
Aim: a gnoll, wielding a +2 halberd of draining (almost dead, 69% to hit)
You shoot an arrow.
The arrow hits the gnoll but does no damage.
The gnoll is almost dead.
The gnoll misses you.
Fire: a) +0 shortbow
Press: ? - help, Q - select action, (/) - cycle Shift-Dir - straight line, f/p - gnoll
Aim: a gnoll, wielding a +2 halberd of draining (almost dead, 69% to hit)
You shoot an arrow. The arrow closely misses the gnoll.
The gnoll hits you from afar with a +2 halberd of draining.
* * * LOW HITPOINT WARNING * * *
You feel drained.
* * * LOW HITPOINT WARNING * * *
The gnoll barely misses you.
Fire: a) +0 shortbow
Press: ? - help, Q - select action, (/) - cycle Shift-Dir - straight line, f/p - gnoll
Aim: a gnoll, wielding a +2 halberd of draining (almost dead, 69% to hit)
You shoot an arrow. The arrow hits the gnoll.
The gnoll is almost dead.
The gnoll hits you from afar with a +2 halberd of draining!
You die...

##.###)')###.###.#
##'##'###'##'##'##
.....## ##.....##
.....#####.....###
..∩..')#)'..⌠..'.#
.....#####.....###
.....# #.....##
##'##+# #'##'##'##
##)# #)#)# #)###@#
### ### ### #'#
#.#g# #g# +# #+
g## #


You could see 2 gnolls.

Vanquished Creatures
  Grinder (D:5)
  A sky beast (D:5)
  2 phantoms (D:4)
  2 bullfrogs
  2 scorpions
  A howler monkey (D:5)
  A hound (D:4)
  An orc priest (D:5)
  2 iguanas
  2 orc wizards (D:5)
  Robin (D:2)
  5 gnolls (Bailey)
  8 adders
  A worm (D:2)
  3 dart slugs
  20 orcs
  10 endoplasms
  4 giant cockroaches
  14 goblins
  4 hobgoblins
  5 jackals
  3 quokkas
  7 ball pythons
  7 bats
  4 frilled lizards
  6 kobolds
  6 rats
123 creatures vanquished.

Notes
Turn   | Place    | Note
-------+----------+-------------------------------------------
     0 | D:1      | safid the Minotaur Hunter began the quest for the Orb.
     0 | D:1      | Reached XP level 1. HP: 18/18 MP: 0/0
   255 | D:1      | Reached XP level 2. HP: 25/25 MP: 1/1
   584 | D:1      | Reached skill level 5 in Ranged Weapons
   584 | D:1      | Reached XP level 3. HP: 31/31 MP: 2/2
   961 | D:2      | Found a faded altar of an unknown god.
  1064 | D:2      | Noticed Robin
  1083 | D:2      | Killed Robin
  1084 | D:2      | Reached XP level 4. HP: 7/40 MP: 3/3
  1862 | D:3      | Found an iron altar of Okawaru.
  1871 | D:3      | Became a worshipper of Warmaster Okawaru
  1995 | D:3      | Found an ornate altar of the Wu Jian Council.
  1999 | D:3      | Found a sparkling altar of Nemelex Xobeh.
  2386 | D:4      | Noticed a phantom
  2397 | D:4      | Killed a phantom
  2398 | D:4      | Reached skill level 1 in Evocations
  2398 | D:4      | Reached XP level 5. HP: 30/47 MP: 4/4
  2760 | D:4      | Reached skill level 5 in Fighting
  2824 | D:4      | Noticed a phantom
  2835 | D:4      | Killed a phantom
  2836 | D:4      | Reached XP level 6. HP: 49/56 MP: 5/5
  3050 | D:4      | Reached * piety under Okawaru
  3565 | D:5      | Entered Level 5 of the Dungeon
  3573 | D:5      | Found a staircase to the Ecumenical Temple.
  3831 | D:5      | Noticed a sky beast
  3881 | D:5      | HP: 2/57 [something (4)]
  3892 | D:5      | Killed a sky beast
  3893 | D:5      | Reached XP level 7. HP: 15/63 MP: 3/6
  4877 | D:5      | Noticed Grinder
  4878 | D:5      | Paralysed by Grinder for 3 turns
  4894 | D:5      | Killed Grinder
  4894 | D:5      | Reached ** piety under Okawaru
  5409 | Temple   | Entered the Ecumenical Temple
  5444 | D:6      | Reached XP level 8. HP: 73/73 MP: 7/7
  5459 | D:6      | You fall into a shaft and drop 3 floors!
  5478 | D:9      | Found a flagged portal.
  5493 | Bailey   | Entered a bailey
  6544 | Bailey   | Slain by a gnoll

Illustrated notes

Levels and vault maps discovered:
D:1:      eino_arrival_tree_alley, layout_loops_ring, dk_noncrumbling_3,
          grunt_decor_junction
D:2:      layout_rooms, shapermc_ecumenical_altar_acropolis, roderic_lattice_a,
          uniq_robin
D:3:      layout_loops_cross, okawaru_ov_weapons_minmay, minitemple,
          grunt_decor_resistance
D:4:      layout_loops_ring
D:5:      layout_layer_cave, temple_statues, uniq_grinder
D:6:      layout_basic
D:9:      layout_roguey, mainiacjoe_overflow_six_doors_small,
          mainiacjoe_overflow_alcove_4, david_lair_generic, enter_bailey_4,
          uniq_erolcha, uniq_gastronok
Temple:   nicolae_temple_bog_church
Bailey:   bailey_polearm_nasty_gnolls, bailey

Skill      XL: |  1  2  3  4  5  6  7 |
---------------+----------------------+-----
Fighting       | 3 4 5 6 7 |  7.4
Ranged Weapons | 5 6 7 |  7.8
Evocations     | 1 2 3 4 |  4.3
Dodging        | |  2.1
Stealth        | |  0.7

Action                   |  1- 3 |  4- 6 |  7- 9 || total
-------------------------+-------+-------+-------++-------
 Fire: Shortbow          |   128 |   153 |   180 ||   461
Invok: Heroism           |       |     1 |       ||     1
  Use: Potion            |       |     7 |     1 ||     8
       Scroll            |       |       |     3 ||     3
Armor: Scale mail        |    17 |    80 |    58 ||   155
       Leather armour    |     3 |       |       ||     3
Dodge: Dodged            |    41 |    62 |    76 ||   179
